 Dungeon Crawl Stone Soup version 0.21-a0-346-g330ab2c (webtiles) character file.

312 KristoblXynda the Slasher (level 6, -4/48 HPs)
             Began as a Draconian Gladiator on Oct 5, 2017.
             Killed by nerve-wracking pain
             ... invoked by an orc priest
              (6 damage)
             ... on level 4 of the Dungeon.
             The game lasted 00:08:08 (3532 turns).

KristoblXynda the Slasher (Draconian Gladiator)     Turns: 3532, Time: 00:08:08

Health: -4/48      AC:  7    Str: 16    XL:     6   Next: 18%
Magic:  6/6        EV: 14    Int: 10    God:
Gold:   84         SH:  0    Dex: 16    Spells: 5/5 levels left

rFire    . . .     SeeInvis .   a - +0 long sword
rCold    . . .     Gourm    .   (no shield)
rNeg     . . .     Faith    .   (armour unavailable)
rPois    .         Spirit   .   b - +1 hat
rElec    .         Reflect  .   (no cloak)
rCorr    .         Harm     .   (no gloves)
MR       .....                  (no boots)
Stlth    +.........             (no amulet)
HPRegen  0.16/turn              n - +3 ring of dexterity
MPRegen  0.10/turn              (no ring)

@: no status effects
A: unfitting armour, cold-blooded, AC +6
a: no special abilities


You were on level 4 of the Dungeon.
You were not hungry.

You visited 1 branch of the dungeon, and saw 4 of its levels.
You also visited: Sewer.

You collected 84 gold pieces.

Inventory:

Hand Weapons
 a - a +0 long sword (weapon)
Missiles
 c - 2 throwing nets (quivered)
 l - 3 poisoned javelins
Armour
 b - a +1 hat (worn)
Jewellery
 n - a +3 ring of dexterity (left hand)
Wands
 q - a wand of iceblast (4/15)
 t - a wand of lightning (8/15)
Scrolls
 e - a scroll of remove curse
 g - a scroll of enchant armour
 m - a scroll of teleportation
Potions
 f - 2 potions of flight
 i - a potion of brilliance {unknown}
 k - 3 potions of curing
 p - a potion of agility {unknown}
 r - a potion of invisibility {unknown}
Comestibles
 d - 4 bread rations
 h - 2 royal jellies
 j - 4 fruits


   Skills:
 - Level 2.1 Fighting
 + Level 4.7 Long Blades
 + Level 3.7 Throwing
 + Level 4.2 Dodging


You had 5 spell levels left.
You didn't know any spells.

Dungeon Overview and Level Annotations

Branches:
Dungeon (4/15)
 Temple: D:4-7

Altars:
Fedhas
Kikubaaqudgha
Makhleb

Shops:
D:4 !


Innate Abilities, Weirdness & Mutations

Your plain brown scales are hard. (AC +6)
You cannot fit into any form of body armour.
You are cold-blooded and may be slowed by cold attacks.


Message History

The orc priest is moderately wounded.
You hit the orc priest but do no damage.
You tail-slap the orc priest.
The orc priest is moderately wounded.
The orc priest misses you. The orc priest barely misses you.
You hit the orc priest but do no damage.
The orc priest is moderately wounded.
The orc priest hits you.
* * * LOW HITPOINT WARNING * * *
You slash the orc priest!
The orc priest is almost dead.
The orc priest invokes the aid of Beogh against you.
Beogh smites you!
* * * LOW HITPOINT WARNING * * *
You hit the orc priest but do no damage.
Your tail-slap misses the orc priest.
The orc priest is almost dead.
The orc priest invokes the aid of Beogh against you.
Pain shoots through your body!
You die...

............#
.....###.##.# .###.#
#.##.# ###### ## #.#
#.##.# #.... #.#
#.##.# #####.#.# #.#
#..#.###.....#.###.#
#.#
#).[.....>.........#
#.#
#..#..##.###.#.##..
#.# #........@o..#
#.# #........##..#
..........##..#
###..##...###..#
#.......# #o##
#...#...# #.# . ...
..# .... ..# ...


You could see an orc priest.

Vanquished Creatures
  A big kobold (Sewer)
  An orc priest (D:3)
  A worker ant (D:3)
  A hound zombie (D:3)
  A river rat (Sewer)
  3 adders
  An ooze (D:3)
  5 worms
  4 dart slugs
  4 leopard geckos
  11 orcs
  3 ball pythons
  11 bats
  A giant cockroach (D:1)
  3 goblins
  10 hobgoblins
  7 jackals
  3 quokkas (D:2)
  7 frilled lizards
  13 kobolds
  12 rats
103 creatures vanquished.

Notes
Turn   | Place    | Note
-------+----------+-------------------------------------------
     0 | D:1      | KristoblXynda the Draconian Gladiator began the quest for the Orb.
     0 | D:1      | Reached XP level 1. HP: 17/17 MP: 1/1
   225 | D:1      | Reached XP level 2. HP: 13/24 MP: 2/2
   812 | D:1      | Reached XP level 3. HP: 25/29 MP: 3/3
  1428 | D:2      | Found a blossoming altar of Fedhas.
  1459 | D:2      | Reached XP level 4. HP: 25/36 MP: 4/4
  2149 | D:3      | Found a burning altar of Makhleb.
  2170 | D:3      | Found a glowing drain.
  2181 | Sewer    | Entered a sewer
  2491 | Sewer    | Noticed a big kobold
  2517 | Sewer    | Killed a big kobold
  2517 | Sewer    | Reached XP level 5. HP: 30/41 MP: 5/5
  2559 | Sewer    | Found a glowing silver altar of Zin.
  3074 | D:3      | Found a faded altar of an unknown god.
  3124 | D:3      | Reached XP level 6. HP: 46/48 MP: 6/6
  3175 | D:3      | Found an ancient bone altar of Kikubaaqudgha.
  3410 | D:4      | Found Baicey Ikag's Distillery.
  3531 | D:4      | HP: 2/48 [orc priest/divine providence (12)]
  3532 | D:4      | Killed from afar by an orc priest

Vault maps used:
D:1:      minmay_arrival_wavy_path
D:2:      overflow_temple_1_default, first_bread, hex_intersection,
          kennysheep_generic_room_5
D:3:      kiku_gazebo_garden_becter, cheibrodos_sewer_entry_sluice,
          chequers_ecumenical_altar_island, lemuel_statue_altar
D:4:      serial_shops, shop
Sewer:    sewer_kobolds

Skill      XL: |  1  2  3  4  5 |
---------------+----------------+-----
Throwing       | 2 3 |  3.7
Dodging        | 3 4 |  4.2
Long Blades    | 4 |  4.7
Fighting       | |  2.1

Action                   |  1- 3 |  4- 6 || total
-------------------------+-------+-------++-------
Melee: Long sword        |   113 |   186 ||   299
       Tailslap          |    16 |    35 ||    51
Throw: Throwing net      |       |     1 ||     1
  Use: Scroll            |       |     9 ||     9
       Potion            |       |     1 ||     1
 Stab: Sleeping          |     2 |       ||     2
  Eat: Chunk             |     2 |     7 ||     9
Armor: Skin              |    30 |    66 ||    96
Dodge: Dodged            |    93 |   160 ||   253
       Rpst.: Long sword |    29 |    44 ||    73

Table legend:
 A = Spawn XP
 B = Non-spawn XP
 C = Spawn XP percentage of total XP
 D = Spawn monster count
 E = Non-spawn monster count
 F = Spawn count percentage of total count
 G = Total turns spent on level
                    A         B        C        D         E        F      G
               +---------+---------+-------+---------+---------+-------+---------
         Total |       0 |     446 |   0.0 |       0 |     103 |   0.0 |  3532
               +---------+---------+-------+---------+---------+-------+---------
           D:1 |       0 |      52 |   0.0 |       0 |      33 |   0.0 |   991
           D:2 |       0 |      73 |   0.0 |       0 |      26 |   0.0 |   994
           D:3 |       0 |     173 |   0.0 |       0 |      29 |   0.0 |  1003
           D:4 |       0 |      22 |   0.0 |       0 |       4 |   0.0 |   122
         Sewer |       0 |     126 |   0.0 |       0 |      11 |   0.0 |   422
               +---------+---------+-------+---------+---------+-------+---------
